 Dungeon Crawl Stone Soup version 0.25-a0-251-g572059c536 (webtiles) character file.

Game seed: 6800461157924100507, levelgen mode: deterministic

1706 floatRand the Cleaver (level 8, -1/56 HPs)
             Began as a Demonspawn Gladiator on Dec 4, 2019.
             Was a Follower of Qazlal.
             Slain by a black bear (2 damage)
             ... on level 6 of the Dungeon.
             The game lasted 00:07:34 (6972 turns).

floatRand the Cleaver (Demonspawn Gladiator)        Turns: 6972, Time: 00:07:35

Health: -1/56      AC:  7    Str: 16    XL:     8   Next: 73%
Magic:  0/13       EV: 13    Int:  8    God:    Qazlal [*.....]
Gold:   191        SH:  2    Dex: 15    Spells: 7/7 levels left

rFire    . . .     SeeInvis .   o - +0 battleaxe
rCold    . . .     Gourm    .   (shield currently unavailable)
rNeg     . . .     Faith    .   b - +1 leather armour
rPois    .         Spirit   +   (helmet restricted)
rElec    .         Reflect  .   (no cloak)
rCorr    .         Harm     .   s - +2 pair of gloves
MR       +....                  (no boots)
Stlth    ++++......             (no amulet)
HPRegen  0.18/turn              k - ring of protection from magic
MPRegen  0.13/turn              h - -2 ring of intelligence (curse)

@: hasted, very quick
A: antennae 1, nightstalker 3, magic shield
a: Renounce Religion


You were on level 6 of the Dungeon.
You worshipped Qazlal.
Qazlal was aware of your devotion.
You were not hungry.

You visited 2 branches of the dungeon, and saw 7 of its levels.

You collected 191 gold pieces.

Inventory:

Hand Weapons
 a - a +0 war axe
 o - a +0 battleaxe (weapon)
Missiles
 d - 4 throwing nets (quivered)
Armour
 b - a +1 leather armour (worn)
 c - a +0 helmet
 s - a +2 pair of gloves (worn)
Jewellery
 e - an uncursed ring of positive energy
 h - a cursed -2 ring of intelligence (right hand)
 k - a ring of protection from magic (left hand)
 l - a cursed ring of teleportation {unknown}
 z - an uncursed amulet of faith {unknown}
 A - an uncursed ring of see invisible {unknown}
Wands
 y - a wand of scattershot (6)
Scrolls
 j - a scroll of identify
 n - 2 scrolls of teleportation
 q - a scroll of amnesia
 r - 2 scrolls of fear
 t - a scroll of magic mapping
Potions
 g - 5 potions of curing
 m - a potion of mutation
 p - a potion of heal wounds
 u - a potion of ambrosia
 w - a potion of lignification {unknown}
 x - 2 potions of magic
Comestibles
 f - 14 rations
 v - 4 chunks of flesh


   Skills:
 - Level 2.0 Fighting
 + Level 8.6 Axes
 - Level 1.7 Throwing
 + Level 1.4 Armour
 + Level 3.2 Dodging
 * Level 7.9 Invocations


You had 7 spell levels left.
You didn't know any spells.
Your spell library contained the following spells:

 Spells                   Type           Power        Failure   Level  Hunger
 Magic Dart               Conj           #...         47%         1    ##.....
 Blink                    Tloc           N/A          63%         2    ###....
 Call Imp                 Summ           #.......     63%         2    ###....
 Slow                     Hex            #.......     63%         2    ###....
 Conjure Flame            Conj/Fire      #.......     85%         3    ####...
 Mephitic Cloud           Conj/Pois/Air  #.......     85%         3    ####...


Dungeon Overview and Level Annotations

Branches:
Dungeon (6/15)             Temple (1/1) D:5

Altars:
Ashenzari
Cheibriados
Dithmenos
Elyvilon
Fedhas
Gozag
Hepliaklqana
Kikubaaqudgha
Makhleb
Okawaru
Qazlal
Ru
Sif Muna
Trog
Uskayaw
Vehumet
Wu Jian
Xom
Yredelemnul
Zin
The Shining One

Annotations:
D:6 Sigmund


Innate Abilities, Weirdness & Mutations

You have a pair of small antennae on your head.
You are completely attuned to the shadows.
When hurt, damage is shared between your health and your magic reserves.


Message History

The black bear is severely wounded.
You hit the bullfrog. The black bear bites you!
* * * LOW HITPOINT WARNING * * *
The black bear completely misses you. The black bear claws you.
* * * LOW HITPOINT WARNING * * *
The bullfrog barely misses you. The black bear bites you.
* * * LOW HITPOINT WARNING * * *
The black bear claws you but does no damage.
The black bear claws you.
* * * LOW HITPOINT WARNING * * *
Unknown command.
You barely miss the black bear.
The black bear is severely wounded.
You slash the bullfrog! The bullfrog hits you.
* * * LOW HITPOINT WARNING * * *
The black bear bites you.
* * * LOW HITPOINT WARNING * * *
The black bear claws you but does no damage.
The black bear claws you.
You die...

.#.#..#.##.........#
......#.###.###....#
###..##.# #.# ######
..#..##.# #.####
#.#..##.###.....
.....##.........
#.#.##....#.....
#.#............h####
#.####.........F@..#
#. ...#.#.##......##
. #
.....#..........# .
..#### .##......# .
##......# .
........# . ####
........# . ...#
....###.# . ##.#
.... .. .


You could see a black bear (berserk) and a bullfrog.

Vanquished Creatures
  Menkaure (D:5)
  An orc warrior (D:6)
  3 ogres
  A phantom (D:3)
  A centaur (D:6)
  A vampire bat (D:5)
  A howler monkey (D:6)
  A bullfrog zombie (D:5)
  2 crimson imps (D:6)
  A quasit (D:5)
  A bullfrog skeleton (D:5)
  3 hounds
  A jelly (D:5)
  5 orc wizards
  A gnoll shaman (D:6)
  2 iguanas
  4 worker ants
  2 howler monkey skeletons (D:5)
  8 adders
  8 gnolls
  A shadow imp (D:6)
  3 oozes
  An adder zombie (D:6)
  3 adder skeletons
  2 worms
  A dart slug (D:3)
  3 fire bats (D:5)
  8 leopard geckos
  11 orcs
  2 spectral bats (D:5)
  19 bats
  4 bat skeletons
  A bat zombie (D:5)
  7 giant cockroaches
  6 goblins
  13 hobgoblins
  10 jackals
  2 quokkas
  3 ball pythons
  A bat simulacrum (D:5)
  6 frilled lizards
  8 kobolds
  2 quokka zombies (D:2)
  8 rats
173 creatures vanquished.

Notes
Turn   | Place    | Note
-------+----------+-------------------------------------------
     0 | D:1      | floatRand the Demonspawn Gladiator began the quest for the
                  | Orb.
     0 | D:1      | Reached XP level 1. HP: 16/16 MP: 1/1
    37 | D:1      | Reached skill level 3 in Axes
    67 | D:1      | Gained mutation: You have a pair of small antennae on your
                  | head. [demonic ancestry]
    67 | D:1      | Reached XP level 2. HP: 14/22 MP: 2/2
   887 | D:1      | Gained mutation: When hurt, damage is shared between your
                  | health and your magic reserves. [demonic ancestry]
   887 | D:1      | Reached XP level 3. HP: 27/27 MP: 3/3
  1097 | D:2      | Reached skill level 4 in Axes
  1298 | D:2      | Reached XP level 4. HP: 7/33 MP: 4/4
  1733 | D:2      | Found an ancient bone altar of Kikubaaqudgha.
  2229 | D:2      | HP: 1/33 [poisoned by an adder]
  2532 | D:3      | Reached skill level 5 in Axes
  2564 | D:3      | Gained mutation: You are slightly more attuned to the
                  | shadows. [demonic ancestry]
  2564 | D:3      | Reached XP level 5. HP: 19/38 MP: 3/5
  3015 | D:3      | Noticed a phantom
  3073 | D:3      | Killed a phantom
  3073 | D:3      | Reached skill level 6 in Axes
  3370 | D:3      | Reached XP level 6. HP: 27/44 MP: 3/6
  3974 | D:4      | Reached skill level 7 in Axes
  4624 | D:5      | Entered Level 5 of the Dungeon
  4631 | D:4      | Gained mutation: You are significantly more attuned to the
                  | shadows. [demonic ancestry]
  4631 | D:4      | Reached XP level 7. HP: 50/50 MP: 5/7
  4791 | D:5      | Found a staircase to the Ecumenical Temple.
  4808 | Temple   | Entered the Ecumenical Temple
  4870 | Temple   | Became a worshipper of Qazlal Stormbringer
  4971 | D:5      | Reached skill level 1 in Invocations
  5497 | D:5      | Reached skill level 8 in Axes
  5561 | D:5      | Reached * piety under Qazlal
  5597 | D:5      | Found an iron altar of Okawaru.
  5597 | D:5      | Found a bloodstained altar of Trog.
  5743 | D:5      | Noticed Menkaure
  5753 | D:5      | Killed Menkaure
  5753 | D:5      | Reached skill level 5 in Invocations
  5753 | D:5      | Gained mutation: You are completely attuned to the shadows.
                  | [demonic ancestry]
  5753 | D:5      | Reached XP level 8. HP: 33/56 MP: 6/12
  6668 | D:6      | Reached skill level 1 in Armour
  6948 | D:6      | Noticed Sigmund
  6972 | D:6      | HP: 1/56 [black bear (5)]
  6972 | D:6      | Slain by a black bear

Levels and vault maps discovered:
D:1:      psy_arrival_fountain, layout_loops_ring
D:2:      layout_basic, lemuel_crystal_altar, serial_undead, serial_undead_d,
          serial_undead_b, serial_undead_f, serial_undead_d, minivault_19
D:3:      layout_rooms, first_ration
D:4:      layout_loops_ring
D:5:      layout_rooms, grunt_temple_overflow_bloody_war,
          minmay_temple_entry_slanted, goddamned_bats, uniq_menkaure
D:6:      layout_basic, serial_shops, nicolae_shop_competitors_out_of_business,
          uniq_sigmund
Temple:   compressed_dpeg_circular_temple

Skill      XL: |  1  2  3  4  5  6  7  8 |
---------------+-------------------------+-----
Axes           | 3 4 5 6 7 8 |  8.6
Invocations    | 5 7 |  7.9
Armour         | 1 |  1.4
Dodging        | 3 |  3.2
Fighting       | |  2.0
Throwing       | |  1.7

Action                   |  1- 3 |  4- 6 |  7- 9 || total
-------------------------+-------+-------+-------++-------
Melee: War axe           |   108 |    79 |       ||   187
       Battleaxe         |       |   144 |   223 ||   367
  Use: Scroll            |       |     5 |     7 ||    12
       Potion            |       |     2 |     1 ||     3
 Stab: Sleeping          |     1 |     2 |     9 ||    12
  Eat: Chunk             |     1 |    11 |     8 ||    20
Armor: Leather armour    |    36 |    69 |   124 ||   229
Dodge: Dodged            |    76 |   208 |   189 ||   473
Block: Other             |       |       |     6 ||     6

Table legend:
 A = Non-vault XP
 B = Vault XP
 C = Vault XP percentage of total XP
 D = Non-vault monster count
 E = Vault monster count
 F = Vault count percentage of total count
                 A         B        C        D         E       F
            +---------+---------+-------+---------+---------+-------
      Total |    2088 |     350 |  14.4 |     147 |      26 |  15.0
            +---------+---------+-------+---------+---------+-------
        D:1 |      44 |       0 |   0.0 |      22 |       0 |   0.0
        D:2 |      74 |       9 |  10.8 |      24 |       4 |  14.3
        D:3 |     256 |       0 |   0.0 |      28 |       0 |   0.0
        D:4 |     376 |       0 |   0.0 |      25 |       0 |   0.0
        D:5 |     445 |     341 |  43.4 |      18 |      22 |  55.0
        D:6 |     893 |       0 |   0.0 |      30 |       0 |   0.0
            +---------+---------+-------+---------+---------+-------
